[Event "Titled Tuesday Blitz April 4 Late 2023"]
[White "Maghsoodloo, Parham"]
[Black "koteRV1610"]
[WhiteFideId "12539929"]
[WhiteElo "2647"]
[BlackElo "2735"]
[Result "1-0"]
[Round "03"]
[TimeControl "180+2"]
[Date "2023.04.04"]
[WhiteClock "0:00:22"]
[BlackClock "0:00:13"]

1. d4 Nf6 2. c4 e6 3. Nf3 d5 4. Nc3 Bb4 5. Bg5 h6 6. Bxf6 Qxf6 7. Qa4+ Nc6 8. e3 O-O 9. Be2 dxc4 10. O-O Bd7 11. Bxc4 Bxc3 12. bxc3 Rfd8 13. Qa3 Qe7 14. Qb2 Na5 15. Bd3 b6 16. Ne5 Be8 17. f4 c5 18. Qf2 Rac8 19. f5 f6 20. Nf3 e5 21. e4 exd4 22. cxd4 cxd4 23. e5 fxe5 24. Rae1 Rc5 25. Qg3 Nc6 26. f6 Qxf6 27. Nxd4 Qd6 28. Nf5 Qf6 29. Bc2 Qg5 30. Bb3+ Kh7 31. Qxg5 hxg5 32. Re3 g6 33. Rh3# 1-0


[Site "https://www.chess.com"]

[Event "Titled Tuesday Blitz April 4 Late 2023"]
[White "Riff, Vincent"]
[Black "Vidit, Santosh Gujrathi"]
[WhiteFideId "617776"]
[BlackFideId "5029465"]
[WhiteElo "2369"]
[BlackElo "2651"]
[Result "0-1"]
[Round "03"]
[TimeControl "180+2"]
[Date "2023.04.04"]
[WhiteClock "0:00:24"]
[BlackClock "0:00:20"]

1. e4 c5 2. Nc3 Nc6 3. Bb5 Nd4 4. Nf3 e6 5. Bc4 Qc7 6. d3 Nc6 7. O-O a6 8. Re1 d6 9. Bf4 Nf6 10. h3 Be7 11. e5 dxe5 12. Nxe5 Bd6 13. Qe2 Nd4 14. Qd2 O-O 15. Bh2 b5 16. Bb3 Bb7 17. Re3 Rad8 18. Rae1 Ba8 19. Rg3 Nf5 20. Rg5 h6 21. Rxf5 exf5 22. Qf4 Rde8 23. Qxf5 c4 24. dxc4 bxc4 25. Ba4 Re6 26. Bg3 Qb7 27. Bc6 Qxb2 28. Bxa8 Qxc3 29. Rd1 Bxe5 0-1


[Site "https://www.chess.com"]

[Event "Titled Tuesday Blitz April 4 Late 2023"]
[White "Bluebaum, Matthias"]
[Black "Bolourchifard, Farzad"]
[WhiteFideId "24651516"]
[BlackFideId "12510084"]
[WhiteElo "2638"]
[BlackElo "2317"]
[Result "0-1"]
[Round "03"]
[TimeControl "180+2"]
[Date "2023.04.04"]
[WhiteClock "0:00:02"]
[BlackClock "0:00:16"]

1. d4 Nf6 2. c4 e6 3. Nc3 Bb4 4. e3 d5 5. Bd2 O-O 6. Nf3 Nbd7 7. Rc1 c6 8. Bd3 Re8 9. O-O h6 10. a3 Bd6 11. e4 dxe4 12. Nxe4 Nxe4 13. Bxe4 e5 14. Bc3 Nf6 15. Bb1 e4 16. Ne5 c5 17. dxc5 Bxc5 18. Qxd8 Rxd8 19. b4 Be7 20. c5 Be6 21. Rfe1 a5 22. Bxe4 Nxe4 23. Rxe4 axb4 24. Bxb4 Bf6 25. Ree1 Bxe5 26. Rxe5 Bd5 27. h4 Bc6 28. Re3 Re8 29. Rg3 f6 30. Rg4 Rad8 31. Rcc4 Rd1+ 32. Kh2 Re2 33. Rgf4 Kf7 34. Rc3 g5 35. hxg5 hxg5 36. Rg4 Rxf2 37. Re3 Kg6 38. Re1 Rd3 39. Rg1 Kh5 40. Rg3 Rxg3 41. Kxg3 Ra2 42. Kh3 f5 43. g4+ fxg4+ 44. Kg3 Bf3 45. Ba5 Rxa3 46. Bc7 Bc6+ 47. Kf2 Rf3+ 48. Ke2 Rc3 49. Bd6 Kh4 50. Kd2 Rb3 51. Kc2 Ra3 52. Kb2 Re3 53. Kc2 g3 54. Kd2 Rb3 55. Rf1 Kg4 56. Rf7 g2 57. Bh2 Rh3 58. Bg1 Rh1 59. Be3 g1=Q 60. Bxg1 Rxg1 61. Rg7 Rg2+ 62. Ke3 Rg3+ 63. Kd4 Rf3 64. Ke5 Re3+ 65. Kd6 Re4 66. Rg6 Kf5 67. Rh6 g4 68. Rh5+ Kf4 69. Rh4 Kf3 70. Rh6 g3 71. Kc7 g2 72. Rf6+ Rf4 73. Rg6 Rg4 74. Rf6+ Kg3 75. Kb8 g1=Q 76. Rf8 Qxc5 77. Rc8 Qd6+ 78. Rc7 Qxc7+ 79. Ka7 b5+ 80. Ka6 Ra4# 0-1


[Site "https://www.chess.com"]

[Event "Titled Tuesday Blitz April 4 Late 2023"]
[White "Bakalchuk, Johnatan"]
[Black "Martinez Alcantara, Jose Eduardo"]
[WhiteFideId "2810301"]
[BlackFideId "3805662"]
[WhiteElo "2450"]
[BlackElo "2711"]
[Result "0-1"]
[Round "03"]
[TimeControl "180+2"]
[Date "2023.04.04"]
[WhiteClock "0:00:37"]
[BlackClock "0:02:48"]

1. c4 c5 2. Nf3 Nc6 3. g3 g6 4. Bg2 Bg7 5. Nc3 d6 6. O-O e6 7. d3 Nge7 8. Bg5 h6 9. Bd2 O-O 10. a3 b6 11. Rb1 Bb7 12. b4 Qd7 13. Qc1 Kh7 14. Rd1 Rfd8 15. h4 Nd4 16. Nxd4 cxd4 17. Na2 Bxg2 18. Kxg2 Rac8 19. Qb2 e5 20. Nc1 f5 21. Nb3 f4 22. Rbc1 Qg4 23. c5 Nf5 24. cxd6 fxg3 0-1


[Site "https://www.chess.com"]

[Event "Titled Tuesday Blitz April 4 Late 2023"]
[White "Alekseenko, Kirill"]
[Black "Klukin, Kirill"]
[WhiteFideId "4135539"]
[BlackFideId "24199273"]
[WhiteElo "2683"]
[BlackElo "2344"]
[Result "0-1"]
[Round "03"]
[TimeControl "180+2"]
[Date "2023.04.04"]
[WhiteClock "0:00:06"]
[BlackClock "0:00:12"]

1. d4 d5 2. Nc3 Nf6 3. Bf4 a6 4. e3 e6 5. g4 c5 6. g5 Nfd7 7. Qf3 Nc6 8. Nce2 b5 9. c3 b4 10. Bh3 Be7 11. Bg4 Bxg5 12. Bxg5 Qxg5 13. Nh3 Qf6 14. Qg3 bxc3 15. bxc3 cxd4 16. cxd4 e5 17. O-O h5 18. Bxd7+ Bxd7 19. dxe5 Nxe5 20. f4 h4 21. Qg2 Nc4 22. Qxd5 Rc8 23. Ng5 Nxe3 24. Qe4+ Qe7 25. Qxe7+ Kxe7 26. Rf3 Nc2 27. Raf1 Bg4 28. R3f2 Rhd8 29. h3 Bf5 30. Nc1 f6 31. Re2+ Kf8 32. Ne6+ Bxe6 33. Rxe6 Nd4 34. Re3 Nf5 35. Rd3 Rxd3 36. Nxd3 Rc2 37. Rf2 Rc3 38. Rd2 Kf7 39. Nf2 Ne3 40. Re2 Nd5 41. f5 Nf4 42. Rb2 Nxh3+ 43. Nxh3 Rxh3 44. Rb7+ Kg8 45. Kg2 Ra3 46. Rb2 Kh7 47. Kh2 Kh6 48. Rg2 Ra5 49. Kh3 Rxf5 50. Rb2 Rf4 51. a3 Ra4 52. Rb6 Kh5 53. Rb3 g5 54. Rc3 g4+ 55. Kg2 Kg5 56. Rc5+ f5 57. Rc3 Kf4 58. Rb3 h3+ 59. Kh2 Rc4 60. Rb2 Rc3 61. a4 Ra3 62. Rf2+ Kg5 63. Rc2 Rxa4 64. Rc8 Ra2+ 65. Kh1 g3 66. Rc1 Kg4 67. Rg1 Rh2# 0-1


[Site "https://www.chess.com"]

[Event "Titled Tuesday Blitz April 4 Late 2023"]
[White "Movahed, Sina"]
[Black "Aydincelebi, Kagan"]
[WhiteFideId "42520835"]
[BlackFideId "6361102"]
[WhiteElo "2225"]
[BlackElo "2180"]
[Result "1/2-1/2"]
[Round "03"]
[TimeControl "180+2"]
[Date "2023.04.04"]
[WhiteClock "0:00:05"]
[BlackClock "0:00:13"]

1. Nf3 c5 2. g3 Nc6 3. Bg2 g6 4. O-O Bg7 5. c4 e5 6. Nc3 Nge7 7. Rb1 O-O 8. a3 a5 9. d3 d6 10. Ne1 Be6 11. Bg5 f6 12. Bd2 d5 13. cxd5 Nxd5 14. Rc1 b6 15. Qb3 Nce7 16. Nxd5 Nxd5 17. Qa4 Qd6 18. Nc2 Kh8 19. Ne3 Nxe3 20. Bxe3 Rab8 21. Rb1 f5 22. b4 axb4 23. axb4 c4 24. dxc4 Bxc4 25. Rfd1 Qe6 26. Rbc1 Bxe2 27. Rd2 b5 28. Qa7 Bc4 29. Rd7 Qg8 30. Rcd1 Rbd8 31. Bc5 Rxd7 32. Rxd7 Rf7 33. Bc6 Rxd7 34. Qxd7 Qf7 35. Qxf7 Bxf7 36. Bxb5 Bd5 37. Ba6 Kg8 38. b5 Kf7 39. b6 e4 40. b7 Be5 41. Ba7 Bxb7 42. Bxb7 Kf6 43. Kg2 g5 44. Bb6 h5 45. h3 Kg6 46. g4 hxg4 47. hxg4 fxg4 48. Bxe4+ Kh5 49. Bf5 Bf4 50. Be3 Be5 51. Bc5 Bf4 52. Bd4 Bd6 53. Be6 Bf4 54. Bg7 Kg6 55. Bf8 Kh5 56. Bf7+ Kh4 57. Be7 Be5 58. Bd8 Bf4 59. Be6 Kh5 60. Bf5 Be5 61. Bb6 Bf4 62. Ba5 Be5 63. Be1 Bf4 64. Kf1 Be5 65. Ke2 Bf4 66. Kd3 Kh4 67. Ke4 Kh5 68. Kd5 Bh2 69. Ke6 Bc7 70. Kf7 Bb6 71. Bg6+ Kh4 72. f3+ g3 73. Bf5 Bf2 74. Bxf2 gxf2 75. Bd3 Kg3 76. Kg6 Kxf3 77. Kxg5 f1=Q 78. Bxf1 1/2-1/2


[Site "https://www.chess.com"]

[Event "Titled Tuesday Blitz April 4 Late 2023"]
[White "Hansen, Sune Berg"]
[Black "Abdrlauf, Elham"]
[WhiteFideId "1400266"]
[BlackFideId "1533533"]
[WhiteElo "2717"]
[BlackElo "2469"]
[Result "0-1"]
[Round "03"]
[TimeControl "180+2"]
[Date "2023.04.04"]
[WhiteClock "0:00:18"]
[BlackClock "0:00:17"]

1. Nf3 Nf6 2. g3 g6 3. Bg2 Bg7 4. O-O O-O 5. d4 d6 6. a4 Nbd7 7. a5 a6 8. Nc3 e5 9. e4 exd4 10. Nxd4 Re8 11. Re1 Nc5 12. h3 Ne6 13. Nde2 Bd7 14. Nd5 Nxd5 15. exd5 Nc5 16. Ra2 Bf5 17. g4 Bd7 18. Ng3 Qf6 19. Be3 Bb5 20. b3 Qc3 21. Bd2 Qd4 22. Be3 Qc3 23. Bd2 Qd4 24. Be3 Qb4 25. Bd2 Bc3 26. Rxe8+ Rxe8 27. Be3 Rxe3 28. fxe3 Bd2 29. Nf1 Bxf1 30. Qxf1 Bxe3+ 31. Kh1 Bd4 32. Qc4 Qe1+ 33. Qf1 Qe3 34. b4 Ne4 35. Bxe4 Qxe4+ 36. Qg2 Qe1+ 0-1


[Site "https://www.chess.com"]

[Event "Titled Tuesday Blitz April 4 Late 2023"]
[White "Kollars, Dmitrij"]
[Black "Iliaguev, Nisim"]
[WhiteFideId "12909572"]
[BlackFideId "2817276"]
[WhiteElo "2584"]
[BlackElo "2241"]
[Result "1-0"]
[Round "03"]
[TimeControl "180+2"]
[Date "2023.04.04"]
[WhiteClock "0:00:14"]
[BlackClock "0:00:09"]

1. e4 c6 2. Nf3 d5 3. d3 Bg4 4. h3 Bxf3 5. Qxf3 e6 6. g3 Nf6 7. Bg2 Nbd7 8. O-O Bc5 9. exd5 cxd5 10. c4 O-O 11. Nc3 Nb6 12. Bg5 Be7 13. Rfd1 Rc8 14. b3 Qd7 15. Rac1 Rfd8 16. Qe2 h6 17. Bf4 Bd6 18. Bd2 Ba3 19. Rc2 Bb4 20. Ra1 Bc5 21. Rb1 Qe7 22. Be1 a6 23. b4 dxc4 24. dxc4 Bd4 25. c5 Nbd5 26. Nxd5 Nxd5 27. Rd1 Bf6 28. a3 a5 29. Be4 axb4 30. axb4 Qc7 31. b5 Qe5 32. Qf3 Qc7 33. Bxd5 exd5 34. Rxd5 Rxd5 35. Qxd5 Rd8 36. Qf3 Qd7 37. c6 bxc6 38. bxc6 Qc7 39. Kg2 Bd4 40. Qe4 Bf6 41. Bd2 Rd4 42. Qf3 Be5 43. Be3 Rd8 44. Qe4 Re8 45. f4 f5 46. Qd5+ Kh7 47. fxe5 Rxe5 48. Bf4 1-0


[Site "https://www.chess.com"]

[Event "Titled Tuesday Blitz April 4 Late 2023"]
[White "Zakhartsov, Vladimir"]
[Black "Nazari, Arad"]
[WhiteFideId "4145097"]
[BlackFideId "12577324"]
[WhiteElo "2497"]
[BlackElo "2242"]
[Result "1-0"]
[Round "03"]
[TimeControl "180+2"]
[Date "2023.04.04"]
[WhiteClock "0:02:29"]
[BlackClock "0:01:55"]

1. e4 c5 2. Nf3 d6 3. g3 Nf6 4. Qe2 g6 5. Bg2 Bg7 6. O-O O-O 7. c3 Nc6 8. d4 cxd4 9. cxd4 Bg4 10. Qe3 Qd7 11. d5 Nb4 12. Nd4 Rfc8 13. Bd2 Nc2 14. Nxc2 Rxc2 15. Bc3 Qb5 16. Na3 Qa6 17. Nxc2 1-0


[Site "https://www.chess.com"]

[Event "Titled Tuesday Blitz April 4 Late 2023"]
[White "Mindlin, Alon"]
[Black "Indjic, Aleksandar"]
[WhiteFideId "2800071"]
[BlackFideId "911925"]
[WhiteElo "2430"]
[BlackElo "2614"]
[Result "0-1"]
[Round "03"]
[TimeControl "180+2"]
[Date "2023.04.04"]
[WhiteClock "0:00:31"]
[BlackClock "0:00:10"]

1. d4 Nf6 2. c4 e6 3. Nc3 c5 4. d5 exd5 5. cxd5 d6 6. e4 g6 7. f3 Bg7 8. Be3 O-O 9. Qd2 Re8 10. Be2 h5 11. Bd1 b5 12. Nxb5 Ba6 13. a4 Bxb5 14. axb5 Nbd7 15. Nh3 Nb6 16. Be2 Qd7 17. Nf2 Qe7 18. Bg5 Qe5 19. Bf4 Qe7 20. Rc1 Nh7 21. O-O f5 22. Bh6 Bd4 23. Kh1 g5 24. Nh3 f4 25. e5 Be3 26. Qc2 Kh8 27. Qg6 Rg8 28. Qxh5 Bxc1 29. Rxc1 Qe8 30. Qg4 Qg6 31. Qe6 Rae8 32. Qg4 Qxh6 33. e6 Nxd5 34. Bd3 Ne3 0-1


[Site "https://www.chess.com"]

[Event "Titled Tuesday Blitz April 4 Late 2023"]
[White "Chigaev, Maksim"]
[Black "tuschessCM1"]
[WhiteFideId "4108116"]
[WhiteElo "2547"]
[BlackElo "2710"]
[Result "1/2-1/2"]
[Round "03"]
[TimeControl "180+2"]
[Date "2023.04.04"]
[WhiteClock "0:00:05"]
[BlackClock "0:00:05"]

1. Nf3 Nf6 2. c4 g6 3. Nc3 Bg7 4. e4 d6 5. d4 O-O 6. Be2 e5 7. O-O exd4 8. Nxd4 Re8 9. f3 c6 10. Bg5 Qb6 11. Kh1 d5 12. cxd5 Nxd5 13. Nxd5 cxd5 14. Nb5 Nc6 15. exd5 Nd4 16. Nxd4 Bxd4 17. Bc4 Bf5 18. b3 Be5 19. a4 Qd6 20. h3 a6 21. Ra2 Bg7 22. Qd2 Qg3 23. Qf4 Be5 24. Qxg3 Bxg3 25. Bf6 Bd7 26. a5 Rac8 27. Bd4 Rcd8 28. Bf2 Bd6 29. g4 f5 30. Kg2 Kf7 31. Bb6 Rc8 32. Rc2 Kf6 33. Bd4+ Kg5 34. Bf2 Kf6 35. Bg3 Bb4 36. Ra2 Rc5 37. Bh4+ Kg7 38. Bf2 Rxa5 39. Bd4+ Kf8 40. Rxa5 Bxa5 41. d6 Bb4 42. Rd1 Re1 43. Rd3 Re2+ 44. Kg3 Bxd6+ 45. f4 Re4 46. Bd5 Rxf4 47. Bc5 Rxg4+ 48. Kf3 Rg3+ 49. Ke2 Bxc5 50. Rxg3 Bb6 51. Bxb7 Bb5+ 52. Kd1 Ke7 53. Rc3 a5 54. Bf3 Kd6 55. Be2 Bc6 56. Rd3+ Ke5 57. Rc3 Kd6 58. Rd3+ Ke5 59. Rc3 Kd6 1/2-1/2


[Site "https://www.chess.com"]

[Event "Titled Tuesday Blitz April 4 Late 2023"]
[White "Thomforde-Toates, Noah"]
[Black "Zhigalko, Sergei"]
[WhiteFideId "30951992"]
[BlackFideId "13502956"]
[WhiteElo "2707"]
[BlackElo "2626"]
[Result "0-1"]
[Round "03"]
[TimeControl "180+2"]
[Date "2023.04.04"]
[WhiteClock "0:00:10"]
[BlackClock "0:00:07"]

1. e4 c5 2. Nf3 Nc6 3. Nc3 Nf6 4. g3 e5 5. Bg2 Be7 6. O-O O-O 7. d3 d6 8. Nd2 Nd4 9. Nc4 Bg4 10. f3 Be6 11. Bg5 Nd7 12. Bd2 b5 13. Ne3 Nb6 14. f4 b4 15. Ncd5 Bxd5 16. exd5 exf4 17. Rxf4 Bg5 18. Rf1 Qe7 19. Re1 Qf6 20. c3 bxc3 21. bxc3 Nf5 22. Ng4 Qg6 23. Nf2 Nd7 24. Bxg5 Qxg5 25. Ne4 Qg6 26. Bh3 Ne5 27. Bxf5 Qxf5 28. Nxd6 Nf3+ 29. Kf2 Qxd5 30. Qxf3 Qxd6 31. Rad1 Rab8 32. Re2 h6 33. Kg2 Qa6 34. Qd5 Rbd8 35. Qxc5 Rxd3 36. Rxd3 Qxd3 37. Qe3 Qc4 38. Kf2 a6 39. Qd4 Qc6 40. c4 Qh1 41. h4 Rb8 42. Qe4 Qc1 43. Rc2 Qb1 44. Qe2 Rd8 45. c5 Qh1 46. c6 Rc8 47. c7 Qh2+ 48. Kf3 Qh1+ 49. Kf2 Qh2+ 50. Kf3 Qxe2+ 51. Kxe2 Kf8 52. Rc6 a5 53. Ra6 Rxc7 54. Rxa5 Rc3 55. Kf2 g6 56. Ra7 h5 57. a4 Ra3 58. a5 Kg7 59. Ra8 Kf6 60. a6 Kf5 61. a7 Kg4 62. Ke2 Kxg3 63. Kd2 Kxh4 64. Kc2 Kg4 65. Kb2 Ra6 66. Kb3 h4 67. Kb4 h3 68. Kb5 Ra1 69. Kb6 h2 70. Rh8 Kg3 71. Kb7 Kg2 72. a8=Q Rxa8 73. Kxa8 h1=Q 74. Rxh1 Kxh1 75. Kb7 g5 76. Kc6 g4 77. Kd6 0-1


[Site "https://www.chess.com"]

[Event "Titled Tuesday Blitz April 4 Late 2023"]
[White "Hansen, Eric"]
[Black "Beerdsen, Thomas"]
[WhiteFideId "2606771"]
[BlackFideId "1030108"]
[WhiteElo "2561"]
[BlackElo "2547"]
[Result "0-1"]
[Round "03"]
[TimeControl "180+2"]
[Date "2023.04.04"]
[WhiteClock "0:00:06"]
[BlackClock "0:00:27"]

1. d4 Nf6 2. c4 a6 3. Nc3 b5 4. e3 b4 5. Na4 e6 6. Bd3 d5 7. Nf3 dxc4 8. Bxc4 Nbd7 9. a3 Bb7 10. O-O g5 11. Bd2 g4 12. Ne1 bxa3 13. b4 Nb6 14. Bb3 Bd6 15. Nc5 Bd5 16. Rxa3 Nc4 17. Ra2 h5 18. Qc2 Nxd2 19. Bxd5 Bxh2+ 20. Kh1 Nxd5 21. Kxh2 Nxf1+ 22. Kg1 Nfxe3 23. fxe3 Qh4 24. Ncd3 O-O 25. Qc1 Rab8 26. Rb2 Qg5 27. Nc2 Nc3 28. Qe1 Ne4 29. Ra2 Rb6 30. Ra5 Rb5 31. Rxa6 g3 32. Nf4 Rf5 33. Qe2 Qh4 34. Nh3 Nf2 35. e4 Nxh3+ 36. gxh3 Rf2 37. Qe3 Rxc2 38. Ra5 f6 39. Qd3 Rc1+ 40. Kg2 Rh1 41. Qxg3+ Qxg3+ 42. Kxg3 Rb8 0-1


[Site "https://www.chess.com"]

[Event "Titled Tuesday Blitz April 4 Late 2023"]
[White "Matinian, Nikita"]
[Black "Moroni, Luca Jr"]
[WhiteFideId "24129100"]
[BlackFideId "865834"]
[WhiteElo "2422"]
[BlackElo "2569"]
[Result "1-0"]
[Round "03"]
[TimeControl "180+2"]
[Date "2023.04.04"]
[WhiteClock "0:00:19"]
[BlackClock "0:00:07"]

1. e4 g6 2. d4 Bg7 3. Nc3 a6 4. g4 b5 5. Bg2 Bb7 6. a3 d6 7. h4 h5 8. gxh5 Rxh5 9. Bf3 Rh8 10. Nge2 Nd7 11. Bg5 c5 12. h5 cxd4 13. Nxd4 Ne5 14. Bg2 Qd7 15. Nd5 Bxd5 16. exd5 Rc8 17. c3 Nf6 18. h6 Bf8 19. Qe2 Qg4 20. Bh3 Qxe2+ 21. Kxe2 Rc5 22. a4 b4 23. cxb4 Rxd5 24. Rac1 e6 25. Bxf6 Rxh6 26. Rc8+ Kd7 27. Rhc1 Rc5 28. Rd8+ Kc7 29. bxc5 Bg7 30. cxd6+ Kb7 1-0


[Site "https://www.chess.com"]

[Event "Titled Tuesday Blitz April 4 Late 2023"]
[White "Rodshtein, Maxim"]
[Black "Makarian, Rudik"]
[WhiteFideId "2806851"]
[BlackFideId "44105681"]
[WhiteElo "2555"]
[BlackElo "2430"]
[Result "0-1"]
[Round "03"]
[TimeControl "180+2"]
[Date "2023.04.04"]
[WhiteClock "0:00:58"]
[BlackClock "0:00:27"]

1. d4 Nf6 2. c4 e6 3. Nc3 d5 4. e3 Be7 5. cxd5 exd5 6. Bd3 O-O 7. Nge2 c6 8. O-O a5 9. f3 b5 10. Nf4 b4 11. Nce2 Nbd7 12. e4 dxe4 13. fxe4 c5 14. e5 Ne8 15. Qc2 g6 16. e6 fxe6 17. Be3 Ng7 18. dxc5 Qc7 19. Rac1 Ne5 20. Be4 Rb8 21. h3 Ba6 22. b3 Rbd8 23. Rfd1 Bg5 24. Kh1 Rxd1+ 25. Rxd1 Bxe2 26. Qxe2 Bxf4 27. Bg1 Nh5 28. Bf2 Bg3 29. Bg1 Bh4 0-1


[Site "https://www.chess.com"]

[Event "Titled Tuesday Blitz April 4 Late 2023"]
[White "Barbosa, Evandro Amorim"]
[Black "Makhnev, Denis"]
[WhiteFideId "2115824"]
[BlackFideId "13707647"]
[WhiteElo "2439"]
[BlackElo "2515"]
[Result "0-1"]
[Round "03"]
[TimeControl "180+2"]
[Date "2023.04.04"]
[WhiteClock "0:00:02"]
[BlackClock "0:00:18"]

1. e4 e5 2. Nf3 Nc6 3. Bb5 a6 4. Ba4 Nf6 5. O-O b5 6. Bb3 Be7 7. Re1 d6 8. c3 O-O 9. h3 Nb8 10. d4 Nbd7 11. Nbd2 Bb7 12. Bc2 Re8 13. Nf1 Bf8 14. Ng3 g6 15. a4 Nb6 16. b3 bxa4 17. bxa4 a5 18. Bg5 h6 19. Bh4 Bg7 20. Rb1 Ba6 21. Qc1 Kh7 22. Rd1 Qe7 23. Nh2 Qe6 24. d5 Qd7 25. f4 Nc4 26. Rf1 Ng8 27. f5 c6 28. Ng4 Rab8 29. Rxb8 Rxb8 30. dxc6 Qxc6 31. fxg6+ fxg6 32. Rf7 Rb7 33. Qf1 Ne3 34. Qf2 Rxf7 35. Qxf7 Nxc2 36. Bf6 Qb7 0-1


[Site "https://www.chess.com"]

[Event "Titled Tuesday Blitz April 4 Late 2023"]
[White "Skvortsov, Andrei"]
[Black "Bachmann, Axel"]
[WhiteFideId "24108600"]
[BlackFideId "3700488"]
[WhiteElo "2259"]
[BlackElo "2605"]
[Result "0-1"]
[Round "03"]
[TimeControl "180+2"]
[Date "2023.04.04"]
[WhiteClock "0:00:30"]
[BlackClock "0:01:16"]

1. e4 Nc6 2. Nf3 d6 3. Nc3 Nf6 4. h3 g6 5. d4 Bg7 6. Bc4 O-O 7. O-O Nxe4 8. Bxf7+ Rxf7 9. Nxe4 h6 10. c3 Qf8 11. Nh2 e5 12. dxe5 Nxe5 13. Qe2 Be6 14. Rd1 Re8 15. Be3 Rfe7 16. Nd2 a6 17. Nhf3 Nc6 18. Qd3 Qf7 19. Nh2 b5 20. Ng4 Bxg4 21. hxg4 Ne5 22. Qe2 Qe6 23. g5 Ng4 24. gxh6 Bxh6 25. Nf1 Nxe3 26. Nxe3 Bxe3 27. Qxe3 Qxe3 28. fxe3 Rxe3 29. Rd2 Re2 30. Rad1 Kf7 31. Kf1 Rxd2 32. Rxd2 Re4 33. Kf2 Ke6 34. Rd3 c5 35. Rh3 b4 36. cxb4 Rxb4 37. b3 a5 38. Re3+ Kf5 39. Rf3+ Rf4 40. Ke3 Rxf3+ 41. Kxf3 d5 42. Ke3 Kg4 43. Kf2 d4 44. Kf1 Kg3 45. Kg1 g5 46. Kf1 g4 47. Kg1 d3 48. Kf1 Kh2 0-1


[Site "https://www.chess.com"]

[Event "Titled Tuesday Blitz April 4 Late 2023"]
[White "Melkumyan, Hrant"]
[Black "Jaracz, Pawel"]
[WhiteFideId "13302485"]
[BlackFideId "1102222"]
[WhiteElo "2604"]
[BlackElo "2438"]
[Result "1-0"]
[Round "03"]
[TimeControl "180+2"]
[Date "2023.04.04"]
[WhiteClock "0:00:46"]
[BlackClock "0:00:36"]

1. d4 d5 2. c4 c6 3. Nf3 Nf6 4. g3 Nbd7 5. Bg2 dxc4 6. a4 a5 7. O-O e6 8. Na3 Nb6 9. Ne5 Bxa3 10. Rxa3 Nfd7 11. Nxd7 Bxd7 12. e4 O-O 13. Be3 Nc8 14. Qa1 b5 15. axb5 cxb5 16. Bd2 a4 17. Bb4 Re8 18. Rd1 Bc6 19. d5 exd5 20. exd5 Bb7 21. d6 Bxg2 22. d7 Bb7 23. dxe8=Q+ Qxe8 24. Re3 Ne7 25. Rxe7 Qc6 26. Rxb7 Qxb7 27. Qa3 h5 28. h4 Re8 29. Qc3 f6 30. Qd4 Kh7 31. Qf4 Qc8 32. Kh2 Re2 33. Rd2 Rxd2 34. Bxd2 Qc5 35. Qe4+ f5 36. Qe2 Kg6 37. Qe8+ Kh7 38. Qxh5+ Kg8 39. Qe8+ Kh7 40. Qe3 Qd5 41. Bc3 Kg6 42. Qg5+ 1-0


[Site "https://www.chess.com"]

[Event "Titled Tuesday Blitz April 4 Late 2023"]
[White "Danielyan, Vahe"]
[Black "Svane, Frederik"]
[WhiteFideId "13304828"]
[BlackFideId "12923044"]
[WhiteElo "2423"]
[BlackElo "2502"]
[Result "0-1"]
[Round "03"]
[TimeControl "180+2"]
[Date "2023.04.04"]
[WhiteClock "0:00:01"]
[BlackClock "0:00:12"]

1. e4 c5 2. Nc3 e6 3. Nf3 Nc6 4. Bb5 Nge7 5. O-O a6 6. Bxc6 Nxc6 7. d4 cxd4 8. Nxd4 Qc7 9. Re1 b5 10. a4 b4 11. Nd5 exd5 12. exd5+ Ne7 13. Nf5 d6 14. Nd4 Bb7 15. Bg5 Bxd5 16. Nb5 axb5 17. Qxd5 Rb8 18. axb5 Qc5 19. Qxc5 dxc5 20. Bxe7 Bxe7 21. Ra7 O-O 22. Rexe7 Rxb5 23. h3 c4 24. Rec7 c3 25. bxc3 bxc3 26. Rxc3 h5 27. Rcc7 Rf5 28. c4 Rd8 29. Ra2 Rd1+ 30. Kh2 Rc1 31. Rd2 g6 32. Kg3 Rc3+ 33. Kh2 Kg7 34. g3 h4 35. gxh4 Rff3 36. Kg2 Rxh3 37. Rdd7 Rhf3 38. c5 Rf5 39. Rd2 Rc4 40. Kg3 Rc3+ 41. Kg2 Rf4 42. h5 gxh5 43. Rc8 Rf6 44. Rdd8 Rc2 45. Rg8+ Kh6 46. Rh8+ Kg5 47. Rcg8+ Kh4 48. Kh2 Rfxf2+ 49. Kg1 Rfd2 50. Kh1 Rxc5 51. Rg2 Rc1+ 52. Kh2 Rd3 53. Rf2 Rh3+ 54. Kg2 Rg3+ 55. Kh2 Rg7 56. Rf5 Rc2+ 57. Kh1 Kg3 58. Rf1 Rh2+ 59. Kg1 Kh3# 0-1


[Site "https://www.chess.com"]

[Event "Titled Tuesday Blitz April 4 Late 2023"]
[White "Grigorov, Grigor"]
[Black "Perske, Thore"]
[WhiteFideId "2907313"]
[BlackFideId "12902195"]
[WhiteElo "2510"]
[BlackElo "2336"]
[Result "1/2-1/2"]
[Round "03"]
[TimeControl "180+2"]
[Date "2023.04.04"]
[WhiteClock "0:00:06"]
[BlackClock "0:00:07"]

1. d4 d5 2. c4 c6 3. cxd5 cxd5 4. Bf4 Nc6 5. e3 Nf6 6. Nc3 Bg4 7. Qb3 Na5 8. Qa4+ Bd7 9. Qc2 Rc8 10. Bd3 e6 11. Nf3 Be7 12. Ne5 Nc4 13. O-O O-O 14. Qe2 Nd6 15. Qf3 b5 16. a3 a5 17. Nxd7 Qxd7 18. Bxd6 Bxd6 19. Nxb5 Bb8 20. g3 Rc6 21. Rfc1 Rfc8 22. Qd1 Ne8 23. Qd2 Nc7 24. Rxc6 Qxc6 25. Rc1 Qb6 26. Qc2 Kf8 27. Qc3 g6 28. b4 axb4 29. Qxb4+ Kg7 30. Qc5 Qxc5 31. Rxc5 Kf8 32. Nd6 Rd8 33. Rc6 Ke7 34. Nb7 Rc8 35. Nc5 Kd8 36. Rd6+ Ke7 37. Rc6 Kd8 38. a4 Ne8 39. Nb7+ Kd7 40. Ra6 Rc1+ 41. Kg2 Nd6 42. Nc5+ Ke7 43. Ra8 Bc7 44. a5 Ra1 45. a6 Nc4 46. Ra7 Kd6 47. Rb7 Na5 48. Rb2 Nc4 49. Rc2 Bb6 50. Bxc4 dxc4 51. Rxc4 Bxc5 52. Rxc5 Rxa6 53. g4 Ra1 54. h4 Ke7 55. g5 Ra2 56. Kg3 Kf8 57. Rc8+ Kg7 58. Rd8 Ra1 59. e4 Rd1 60. d5 exd5 61. exd5 h6 62. d6 hxg5 63. hxg5 f6 64. Rd7+ Kf8 65. gxf6 Rd5 66. Kg4 Rf5 67. Rd8+ Kf7 68. Rd7+ Kf8 69. f4 Rxf6 70. Kg5 Rf5+ 71. Kxg6 Rxf4 72. Ra7 Ke8 73. Re7+ Kd8 74. Rh7 Rf1 75. Kg5 Rf2 76. d7 Rf1 77. Rh8+ Kxd7 78. Rh7+ Kd6 79. Rh6+ 1/2-1/2


[Site "https://www.chess.com"]

[Event "Titled Tuesday Blitz April 4 Late 2023"]
[White "Rustemov, Alexander"]
[Black "Alex_Sahakyan2006"]
[WhiteFideId "4119002"]
[WhiteElo "2858"]
[BlackElo "2614"]
[Result "0-1"]
[Round "03"]
[TimeControl "180+2"]
[Date "2023.04.04"]
[WhiteClock "0:00:14"]
[BlackClock "0:00:03"]

1. d4 Nf6 2. c4 c5 3. d5 b5 4. cxb5 a6 5. e3 g6 6. Nc3 Bg7 7. a4 O-O 8. Nf3 d6 9. e4 axb5 10. Bxb5 Na6 11. O-O Nc7 12. Bg5 Nd7 13. Qd2 Rb8 14. Bh6 Ba6 15. Bxg7 Kxg7 16. Bxa6 Nxa6 17. Nb5 Qb6 18. Qc3+ Kg8 19. Nd2 Nb4 20. Nc4 Qa6 21. h3 Nb6 22. b3 Nc8 23. Rae1 Na7 24. Nca3 Nxb5 25. Nxb5 Qb7 26. f4 f5 27. e5 Rbd8 28. exd6 exd6 29. Re6 Qxd5 30. Rfe1 Qd3 31. Qxd3 Nxd3 32. Rd1 Nxf4 33. Rexd6 Rde8 34. R1d2 h5 35. h4 Re3 36. Rb2 Nd3 37. Rb1 Kg7 38. a5 f4 39. Rf1 Ne5 40. a6 f3 41. gxf3 Nxf3+ 42. Kf2 Rxb3 43. Ke2 Rxb5 44. a7 Rb2+ 45. Ke3 Rb3+ 46. Ke2 Re8+ 47. Kf2 Ra3 48. Rd7+ Kh6 49. Rb1 Ne5 50. Rc7 Rf8+ 51. Kg2 Ra2+ 52. Kg3 Rf3# 0-1


[Site "https://www.chess.com"]